 Dungeon Crawl Stone Soup version 0.31-a0-185-g9dded2c639 (webtiles) character file.

Game seed: 16797433572670848497

630 qw the Skirmisher (level 7, -2/40 HPs)
             Began as a Deep Elf Hunter on June 22, 2023.
             Killed by divine providence
             ... invoked by an orc priest
              (9 damage)
             ... on level 5 of the Dungeon.
             The game lasted 00:01:29 (3444 turns).

qw the Skirmisher (Deep Elf Hunter)                 Turns: 3444, Time: 00:01:29

Health: -2/40      AC:  6    Str: 10    XL:     7   Next: 24%
Magic:  9/9        EV: 11    Int: 14    God:
Gold:   299        SH:  0    Dex: 18    Spells: 6/6 levels left

rFire   . . .        Y - +0 shortbow
rCold   . . .        (shield currently unavailable)
rNeg    . . .        b - +0 ring mail
rPois   .            d - +0 helmet
rElec   .            (no cloak)
rCorr   .            (no gloves)
SInv    .            (no boots)
Will    .....        (no amulet)
Stlth   +            (no ring)
HPRegen 0.26/turn    (no ring)
MPRegen 0.11/turn

%: no passive effects
@: no status effects
A: no striking features
a: no special abilities


You were on level 5 of the Dungeon.
You visited 1 branch of the dungeon, and saw 5 of its levels.

You collected 395 gold pieces.
You spent 96 gold pieces at shops.


   Skills:
 - Level 2.0 Fighting
 + Level 10.9 Ranged Weapons
 - Level 1.2 Armour
 - Level 3.1 Dodging
 - Level 1.2 Stealth


You had 6 spell levels left.
You didn't know any spells.
Your spell library was empty.

Inventory:

Hand Weapons
 Y - a +0 shortbow (weapon)
Armour
 b - a +0 ring mail (worn)
 d - a +0 helmet (worn)
Jewellery
 a - a +6 ring of dexterity
Scrolls
 i - a scroll of identify
Potions
 c - a potion of invisibility {unknown}
 e - 5 potions of curing
 g - a potion of mutation
 j - a potion of enlightenment

Dungeon Overview and Level Annotations

Branches:
Dungeon (5/15)
 Temple: D:4-7

Altars:
Ashenzari
Fedhas
Gozag
Sif Muna
Xom

Shops:
D:3 [


Message History

3433 ||| STAIRDANCE You hear some strange, mumbled words.
You are confused.
In your confused state, you trip and fall back down the stairs.
You hear some strange, mumbled words.
You are more confused.
3435 ||| STAIRDANCE Something hits you but does no damage.
In your confused state, you trip and fall back down the stairs.
Something hits you but does no damage.
3437 ||| STAIRDANCE Something hits you but does no damage.
In your confused state, you trip and fall back down the stairs.
Something completely misses you.
An orc priest comes into view. It is wielding a +0 club.
3439 ||| STAIRDANCE The orc priest shouts!
The orc hits you with a +0 hand axe. Something hits you but does no damage.
In your confused state, you trip and fall back down the stairs.
Something hits you but does no damage. The orc hits you with a +0 hand axe.
3441 ||| STAIRDANCE The orc completely misses you.
The orc priest mumbles some strange prayers to Beogh against you.
Beogh smites you! Something hits you.
In your confused state, you trip and fall back down the stairs.
The orc closely misses you.
The orc priest mumbles some strange prayers to Beogh against you.
Beogh smites you!
You hear some strange, mumbled words.
Something tries to affect you, but you resist.
3443 ||| DRINKING 6 potions of curing.
You feel better.
3443 ||| (to cure confusion)
The orc closely misses you.
The orc wizard casts a spell.
The orc wizard flickers and vanishes!
Something hits you but does no damage.
3444 ||| STAIRDANCE The orc hits you with a +0 hand axe.
The orc priest calls down the wrath of Beogh upon you.
Beogh smites you!
You die...

.# ... #.# .o. #.# #.###
####{#.# #... ####.@{o.#
#........[#o.## #
####...####:.#.#.#..#
..........>..#......#
.................#......
.............#..##..###.
###...####.........#
.####....%.....###.#####
.0...ยค.....##### ###


You could see an orc priest and an orc.

Vanquished Creatures
  Sigmund (D:4)
  A jelly (D:3)
  2 hounds (D:3)
  Jessica (D:2)
  Natasha (thrice) (D:2)
  2 iguanas
  An orc wizard (D:4)
  Terence (D:2)
  A gnoll (D:3)
  7 adders
  A worm (D:2)
  3 dart slugs
  3 orcs (D:4)
  6 bats
  9 endoplasms
  3 giant cockroaches
  5 goblins
  6 hobgoblins
  12 jackals
  10 kobolds
  8 quokkas
  8 ball pythons
  4 frilled lizards
  4 rats
102 creatures vanquished.

Notes
Turn   | Place    | Note
-------+----------+-------------------------------------------
     0 | D:1      | qw the Deep Elf Hunter began the quest for the Orb.
     0 | D:1      | Reached XP level 1. HP: 12/12 MP: 3/3
     0 | D:1      | 0 ||| qw: Version: 0.3-a-9-g12657ce
     0 | D:1      | 0 ||| qw: Game counter: 1687
     0 | D:1      | 0 ||| qw: Always use a shield: true
     0 | D:1      | 0 ||| qw: God list: Okawaru
     0 | D:1      | 0 ||| qw: Allow faded altars: false
     0 | D:1      | 0 ||| qw: Do Orc after D:15 true
     0 | D:1      | 0 ||| qw: Do second Lair branch before Depths: true
     0 | D:1      | 0 ||| qw: Lair rune preference: random
     0 | D:1      | 0 ||| qw: Plans: Normal
     0 | D:1      | 0 ||| PLANNING D:1-11
   159 | D:1      | 159 ||| UPGRADING to +0 helmet.
   175 | D:1      | Reached skill level 6 in Ranged Weapons
   175 | D:1      | Reached XP level 2. HP: 11/16 MP: 4/4
   677 | D:1      | 677 ||| READING 2 scrolls labelled MAYSAL COGU.
   678 | D:1      | 678 ||| READING 3 scrolls labelled OGUOREE QUMUP.
   679 | D:1      | 679 ||| DRINKING 6 sedimented orange potions.
   680 | D:1      | 680 ||| READING 2 scrolls of identify.
   680 | D:1      | 680 ||| IDENTIFYING bubbling black potion
   681 | D:1      | 681 ||| DROPPING scroll of noise.
   682 | D:1      | 682 ||| DROPPING scroll of butterflies.
   739 | D:2      | Noticed Terence
   747 | D:2      | Killed Terence
   748 | D:2      | Reached skill level 7 in Ranged Weapons
   748 | D:2      | Reached XP level 3. HP: 9/20 MP: 5/5
   987 | D:2      | Reached XP level 4. HP: 25/25 MP: 6/6
  1110 | D:2      | Noticed Jessica
  1122 | D:2      | Killed Jessica
  1123 | D:2      | Reached skill level 8 in Ranged Weapons
  1141 | D:2      | Noticed Natasha
  1145 | D:2      | Killed Natasha
  1146 | D:2      | Reached XP level 5. HP: 29/29 MP: 7/7
  1215 | D:2      | Noticed Natasha
  1222 | D:2      | Killed Natasha
  1359 | D:2      | Reached skill level 9 in Ranged Weapons
  1471 | D:2      | Noticed Natasha
  1477 | D:2      | Killed Natasha
  1478 | D:2      | Reached skill level 3 in Dodging
  1640 | D:2      | Found a blossoming altar of Fedhas.
  1904 | D:2      | 1904 ||| UPGRADING to +0 scale mail.
  1914 | D:2      | 1914 ||| DROPPING +0 leather armour.
  1915 | D:2      | 1915 ||| READING scroll labelled JUGYAS YTAAKK.
  1916 | D:2      | 1916 ||| READING scroll labelled COAHEB LUONUTUCWOY.
  1917 | D:2      | 1917 ||| READING scroll labelled UPRUIM OLICOJELY.
  1918 | D:2      | 1918 ||| READING 2 scrolls of identify.
  1918 | D:2      | 1918 ||| IDENTIFYING blue potion
  1919 | D:2      | 1919 ||| DROPPING potion of degeneration.
  1968 | D:3      | Found Cecomm's Antique Armour Boutique.
  1976 | D:3      | 1976 ||| BUYING ring mail (96 gold).
  1976 | D:3      | Bought a ring mail for 96 gold pieces
  1976 | D:3      | 1976 ||| SHOPLISTING shiny ring mail (168 gold, have 103).
  2006 | D:3      | Found an opulent altar of Gozag.
  2103 | D:3      | Reached skill level 1 in Armour
  2103 | D:3      | Reached XP level 6. HP: 35/35 MP: 8/8
  2112 | D:3      | Found a broken altar of Ashenzari.
  2709 | D:3      | 2709 ||| UPGRADING to +0 ring mail.
  2719 | D:3      | 2719 ||| DROPPING +0 scale mail.
  2978 | D:4      | Noticed Sigmund
  2979 | D:4      | 2979 ||| FLEEEEING.
  2980 | D:4      | 2980 ||| FLEEEEING.
  2981 | D:4      | 2981 ||| FLEEEEING.
  2982 | D:4      | 2982 ||| FLEEEEING.
  2983 | D:4      | 2983 ||| STAIRDANCE
  3001 | D:3      | 3001 ||| READING scroll labelled NODGHEG GUPAUMA.
  3002 | D:3      | 3002 ||| DRINKING 2 glowing pink potions.
  3012 | D:4      | Killed Sigmund
  3013 | D:4      | Reached skill level 10 in Ranged Weapons
  3013 | D:4      | Reached XP level 7. HP: 40/40 MP: 9/9
  3073 | D:4      | Found a shimmering altar of Xom.
  3306 | D:4      | 3306 ||| READING scroll labelled NOAHACZ DASK.
  3332 | D:5      | Entered Level 5 of the Dungeon
  3343 | D:5      | Found a shimmering blue altar of Sif Muna.
  3430 | D:5      | 3430 ||| FLEEEEING.
  3431 | D:5      | 3431 ||| FLEEEEING.
  3433 | D:5      | 3433 ||| STAIRDANCE
  3435 | D:5      | 3435 ||| STAIRDANCE
  3437 | D:5      | 3437 ||| STAIRDANCE
  3439 | D:5      | 3439 ||| STAIRDANCE
  3441 | D:5      | 3441 ||| STAIRDANCE
  3442 | D:5      | HP: 3/40 [orc priest/divine providence (10)]
  3443 | D:5      | 3443 ||| DRINKING 6 potions of curing.
  3443 | D:5      | 3443 ||| (to cure confusion)
  3444 | D:5      | 3444 ||| STAIRDANCE
  3444 | D:5      | Killed from afar by an orc priest

Levels and vault maps discovered:
D:1:      kilobyte_arrival_exit_the_forest, layout_rooms, minmay_surrounded
D:2:      minmay_razor_zed, layout_basic, basic_altar, minmay_tetromino_s4,
          uniq_jessica, uniq_terence, uniq_natasha
D:3:      layout_basic, evilmike_ruin_ashenzari, grunt_gozag_statues,
          serial_shops, shop, cheibrodos_gnoll_hut
D:4:      layout_cave_pools, mainiacjoe_overflow_chevrons, uniq_sigmund
D:5:      layout_loops_cross, nicolae_sif_muna_condensation, tgw_trog,
          mainiacjoe_overflow_catwalk, zin_treasury, uniq_pikel, uniq_eustachio

Skill      XL: |  1  2  3  4  5  6 |
---------------+-------------------+-----
Ranged Weapons | 6 7 8 9 10 | 10.9
Dodging        | 3 |  3.1
Armour         | 1 |  1.2
Fighting       | 2 |  2.0
Stealth        | |  1.2

Action                     |  1- 3 |  4- 6 |  7- 9 || total
---------------------------+-------+-------+-------++-------
   Fire: Shortbow          |    98 |   236 |    32 ||   366
    Use: Scroll            |     3 |     5 |     1 ||     9
         Potion            |     1 |     1 |     1 ||     3
 Armour: Leather armour    |    15 |    15 |       ||    30
         Scale mail        |       |    22 |       ||    22
         Ring mail         |       |     8 |    10 ||    18
  Dodge: Dodged            |    23 |    47 |     9 ||    79

Table legend:
 A = Non-vault XP
 B = Vault XP
 C = Vault XP percentage of total XP
 D = Non-vault monster count
 E = Vault monster count
 F = Vault count percentage of total count
                 A         B        C        D         E       F
            +---------+---------+-------+---------+---------+-------
      Total |     423 |     478 |  53.1 |      79 |      23 |  22.5
            +---------+---------+-------+---------+---------+-------
        D:1 |      28 |       7 |  20.0 |      17 |       4 |  19.0
        D:2 |     160 |     146 |  47.7 |      24 |      15 |  38.5
        D:3 |      94 |      94 |  50.0 |      22 |       3 |  12.0
        D:4 |      94 |     231 |  71.1 |      12 |       1 |   7.7
        D:5 |      47 |       0 |   0.0 |       4 |       0 |   0.0
            +---------+---------+-------+---------+---------+-------
